 Dungeon Crawl Stone Soup version 0.25.0-17-g773c8c6189 (webtiles) character file.

Game seed: 8721337706214873545

(classic levelgen) 13280 EnegeticOcto the Carver (level 11, 0/69 HPs)
             Began as a Deep Elf Berserker on June 30, 2020.
             Was a High Priest of Trog.
             Slain by a killer bee (1 damage)
             ... on level 10 of the Dungeon.
             The game lasted 00:20:39 (13283 turns).

EnegeticOcto the Carver (Deep Elf Berserker)       Turns: 13283, Time: 00:20:39

Health: 0/69       AC: 14    Str: 17    XL:     11   Next: 73%
Magic:  26/26      EV:  8    Int: 11    God:    Trog [*****.]
Gold:   345        SH:  6    Dex: 20    Spells: 10/10 levels left

rFire    + . .     SeeInvis .   K - +8 scimitar (elec)
rCold    . . .     Gourm    .   y - +0 buckler
rNeg     . . .     Faith    .   n - +2 chain mail {rF+}
rPois    +         Spirit   .   w - +1 hat
rElec    .         Reflect  .   v - +0 cloak
rCorr    .         Harm     .   k - +2 pair of gloves {Dex+3}
MR       ++...                  N - +0 pair of boots
Stlth    ..........             (no amulet)
HPRegen  0.21/turn              (no ring)
MPRegen  0.20/turn              B - ring "Hahicw" {rPois MR+ MP+9 Int-2 Dex+3}

@: lethally poisoned (0 -> -3), corroded, very slightly contaminated, invisible
A: no striking features
a: Berserk, Trog's Hand, Brothers in Arms, Renounce Religion


You were on level 10 of the Dungeon.
You worshipped Trog.
Trog was extremely pleased with you.
You were not hungry.

You visited 1 branch of the dungeon, and saw 10 of its levels.
You also visited: Bailey.

You collected 855 gold pieces.
You spent 510 gold pieces at shops.

Inventory:

Hand Weapons
 K - a +8 scimitar of electrocution (weapon)
 M - a +0 hand crossbow
Missiles
 f - 23 bolts
 t - 7 silver javelins (quivered)
Armour
 k - a +2 pair of gloves of dexterity (worn)
 n - a +2 chain mail of fire resistance (worn)
 v - a +0 cloak (worn)
 w - a +1 hat (worn)
 y - a +0 buckler (worn)
 N - a +0 pair of boots (worn)
Jewellery
 B - the ring "Hahicw" (right hand) {rPois MR+ MP+9 Int-2 Dex+3}
   (You found it on level 4 of the Dungeon)

   [ring of poison resistance]

   It affects your intelligence (-2).
   It affects your dexterity (+3).
   It protects you from poison.
   It affects your resistance to hostile enchantments.
   It affects your magic capacity (+9).
 J - an uncursed ring of fire
 L - a +4 ring of evasion
Wands
 q - a wand of enslavement (7)
 C - a wand of disintegration (10)
 D - a wand of flame (10) {@v4}
 F - a wand of random effects (40)
 G - a wand of polymorph (5)
Scrolls
 b - a scroll of holy word {unknown}
 g - 4 scrolls of teleportation {@r3 !r}
 l - 6 scrolls of remove curse {@r2}
 o - 2 scrolls of enchant armour {unknown}
 p - a scroll of magic mapping {@r5 !r}
 r - a scroll of immolation
 x - a scroll of amnesia {unknown}
 A - a scroll of noise {unknown}
 E - 2 scrolls of fog {!r}
Potions
 a - a potion of lignification {unknown}
 c - 3 potions of heal wounds {@q2 !q}
 d - a potion of berserk rage
 h - 2 potions of might {@q3 !q}
 i - 4 potions of magic
 j - a potion of resistance {unknown}
 m - 4 potions of curing {@q1 !q}
 s - 3 potions of haste {@q4 !q}
 u - 2 potions of stabbing {@q5 !q}
 z - a potion of invisibility
 H - 3 potions of brilliance {unknown}
 I - 2 potions of mutation {unknown}
Comestibles
 e - 17 rations


   Skills:
 + Level 8.6 Fighting
 * Level 12.4 Long Blades
 + Level 4.7 Armour
 - Level 2.4 Dodging
 - Level 4.0 Shields
 - Level 6.0 Evocations


You had 10 spell levels left.
You didn't know any spells.
Your spell library was empty.

Dungeon Overview and Level Annotations

Branches:
Dungeon (10/15)            Temple (0/1) D:6            Lair (0/6) D:9
    Orc (0/2) D:9          Bailey (visited)

Altars:
Cheibriados
Kikubaaqudgha
Nemelex Xobeh
Yredelemnul

Shops:
D:5 }   D:8 ?


Message History

You closely miss the killer bee. You block the killer bee's attack.
The killer bee barely misses you. The killer bee stings you.
You hear an angry buzzing noise.
The killer bee buzzes angrily.
You slash the killer bee!
The killer bee is heavily wounded.
You block the killer bee's attack.
A killer bee comes into view.
The killer bee stings you but does no damage. x3
The killer bee closely misses you.
You riposte.
You slash the killer bee!
You kill the killer bee!
Trog accepts your kill.
A killer bee comes into view.
You block the killer bee's attack.
The killer bee stings you but does no damage.
The killer bee barely misses you.
You riposte.
You slash the killer bee!
You kill the killer bee!
Trog accepts your kill.
A killer bee comes into view.
You slice the killer bee!!
You kill the killer bee!
Trog accepts your kill.
You feel sick. The worker ant closely misses you.
You riposte.
You slash the worker ant!
Lightning courses through the worker ant!!
You kill the worker ant!
Trog accepts your kill.
You hit the queen bee.
The queen bee is lightly wounded.
The killer bee closely misses you. The killer bee stings you. x2
The killer bee stings you but does no damage. x2
You block the killer bee's attack.
You hit the queen bee.
The queen bee is moderately wounded.
You feel sick.
The killer bee stings you but does no damage. x2
The killer bee closely misses you. The jelly hits you. The acid corrodes you!
You are splashed with acid.
You block the killer bee's attack. The killer bee barely misses you.
You riposte.
You slash the killer bee!
The killer bee is severely wounded.
You miss the killer bee.
The killer bee is severely wounded.
The killer bee stings you but does no damage.
You block the killer bee's attack. The killer bee barely misses you.
You block the killer bee's attack. The killer bee barely misses you.
You riposte.
You miss the killer bee.
The queen bee calls on the killer bee to defend it!
The killer bee goes berserk!
The queen bee calls on the killer bee to defend it!
The killer bee goes berserk!
The killer bee stings you but does no damage.
The killer bee stings you. The jelly barely misses you.
You riposte.
You hit the jelly.
The jelly is lightly wounded.
The killer bee stings you but does no damage.
A killer bee comes into view.
The killer bee stings you but does no damage.
The killer bee stings you.
You closely miss the killer bee.
The killer bee is severely wounded.
You feel sick.
The killer bee stings you but does no damage.
You block the killer bee's attack.
The killer bee stings you but does no damage. x3
You block the killer bee's attack.
The killer bee stings you but does no damage.
The queen bee stings you!
You are more poisoned.
The queen bee poisons you! The jelly hits you but does no damage.
The killer bee barely misses you.
Okay, then.
You fade into invisibility!
You feel sick. The killer bee stings you. The killer bee barely misses you. x2
The killer bee stings you.
* * * LOW HITPOINT WARNING * * *
The killer bee stings you.
* * * LOW HITPOINT WARNING * * *
You block the killer bee's attack. The killer bee stings you.
* * * LOW HITPOINT WARNING * * *
The killer bee barely misses you. x2; You block the killer bee's attack.
The killer bee stings you but does no damage.
The queen bee completely misses you. The jelly hits you but does no damage.
The killer bee stings you but does no damage.
You are very lightly contaminated with residual magic.
Really quaff
m - 5 potions of curing {@q1 !q}?
You feel better. The killer bee stings you!
* * * LOW HITPOINT WARNING * * *
The killer bee barely misses you. The killer bee stings you!
* * * LOW HITPOINT WARNING * * *
The killer bee barely misses you.
You riposte.
You catch the helpless killer bee completely off-guard!
You slash the killer bee!
You kill the killer bee!
Trog accepts your kill. The killer bee completely misses you.
The killer bee closely misses you.
The killer bee stings you but does no damage. x2
The killer bee stings you.
* * * LOW HITPOINT WARNING * * *
You are lethally poisoned!
The killer bee poisons you! The killer bee stings you.
You die...

#.............# ..#
#.............#....#
#.............#....#
#.............#....#
###.........)...#....#
................#....#
.....................#
......Jy.#####.......#
#.##yy@y..# #......##
....yyyyy..# #.......#
...yyyyy..$# ##...P.##
. ###y##.....#
#.......##. .y
#.....###......##.. .%
#.....##........... .
#.....##.....†.....
#.....##.....))##..
#........##.


You could see a queen bee, a jelly and 15 killer bees.

Vanquished Creatures
  An orc warlord (Bailey)
  An unseen horror (D:10)
  Pikel (D:5)
  A deep elf mage (D:10)
  Maggie (D:8)
  A komodo dragon (D:9)
  A hornet (D:10)
  A hippogriff (D:10)
  A wyvern (D:9)
  A wraith (D:10)
  6 yaks (D:9)
  A shadow (D:9)
  Menkaure (D:5)
  Edmund (D:5)
  An acid dragon (D:9)
  A water moccasin (D:10)
  A floating eye (D:10)
  Duvessa (D:5)
  An ice beast (D:10)
  14 orc warriors
  2 sky beasts
  5 ogres
  A necrophage (D:6)
  7 centaurs
  3 crocodiles (D:9)
  6 bullfrogs
  2 big kobolds
  Dowan (D:5)
  5 scorpions
  21 killer bees
  14 wights
  3 howler monkeys
  5 crimson imps
  2 bullfrog zombies
  2 centaur zombies
  5 hounds
  5 jellies
  8 orc priests
  Crazy Yiuf (D:6)
  An iguana (D:7)
  6 orc wizards
  5 worker ants
  A killer bee zombie (D:7)
  2 hound zombies
  2 hound skeletons
  24 gnolls
  A worker ant zombie (D:10)
  11 adders
  4 shadow imps
  An adder zombie (D:8)
  2 worms
  3 dart slugs
  8 leopard geckos
  38 orcs
  8 bats
  4 giant cockroaches
  21 hobgoblins
  3 jackals
  5 quokkas
  A ball python (D:2)
  4 frilled lizards
  24 goblins
  19 kobolds
  A leopard gecko skeleton (D:7)
  A leopard gecko zombie (D:5)
  2 quokka skeletons
  5 rats
343 creatures vanquished.

Vanquished Creatures (collateral kills)
  A hydra (D:10)
  A wraith (D:10)
  An orc warrior (D:10)
  A jelly (D:10)
  A killer bee (D:10)
  2 howler monkeys (D:10)
  A goblin (Bailey)
8 creatures vanquished.

Vanquished Creatures (others)
  A hippogriff (D:10)
  A slave (D:5)
  A scorpion (D:5)
  A leopard gecko (D:5)
  An orc (D:5)
5 creatures vanquished.

Grand Total: 356 creatures vanquished

Notes
Turn   | Place    | Note
-------+----------+-------------------------------------------
     0 | D:1      | EnegeticOcto the Deep Elf Berserker began the quest for the
                  | Orb.
     0 | D:1      | Reached XP level 1. HP: 13/13 MP: 3/3
   139 | D:1      | Reached skill level 3 in Long Blades
   185 | D:1      | Reached XP level 2. HP: 8/18 MP: 4/4
  1270 | D:2      | Reached XP level 3. HP: 10/22 MP: 5/5
  1688 | D:2      | Reached ** piety under Trog
  2393 | D:3      | Reached skill level 3 in Fighting
  2476 | D:3      | Noticed a sky beast
  2507 | D:2      | Killed a sky beast
  2507 | D:2      | Reached skill level 4 in Long Blades
  2507 | D:2      | Reached XP level 4. HP: 28/28 MP: 6/6
  2507 | D:2      | Reached XP level 5. HP: 32/32 MP: 7/7
  3076 | D:3      | Reached skill level 5 in Long Blades
  3154 | D:4      | Noticed an ogre
  3164 | D:4      | Killed an ogre
  3164 | D:4      | Reached XP level 6. HP: 35/38 MP: 8/8
  3466 | D:4      | Reached skill level 4 in Fighting
  3798 | D:4      | Got a crude ivory ring
  3799 | D:4      | Identified the ring "Hahicw" {rPois MR+ MP+9 Int-2 Dex+3}
                  | (You found it on level 4 of the Dungeon)
  3882 | D:4      | Reached skill level 6 in Long Blades
  4257 | D:5      | Entered Level 5 of the Dungeon
  4277 | D:5      | Noticed a slave
  4283 | D:5      | Noticed Pikel
  4287 | D:5      | Noticed a slave
  4290 | D:5      | Noticed a slave
  4301 | D:5      | Noticed a slave
  4306 | D:5      | Killed Pikel
  4306 | D:5      | Reached skill level 7 in Long Blades
  4306 | D:5      | Reached skill level 2 in Shields
  4306 | D:5      | Reached XP level 7. HP: 44/44 MP: 9/9
  4461 | D:5      | Found Muomnugu's Gadget Emporium.
  4466 | D:5      | Noticed Duvessa
  4477 | D:5      | Killed Duvessa
  4477 | D:5      | Reached XP level 8. HP: 48/48 MP: 10/10
  4511 | D:5      | Noticed Menkaure
  4523 | D:5      | Killed Menkaure
  4523 | D:5      | Reached skill level 5 in Fighting
  4598 | D:5      | Bought a wand of disintegration (18) for 264 gold pieces
  4779 | D:5      | Noticed Edmund
  4816 | D:5      | Killed Edmund
  4816 | D:5      | Reached skill level 3 in Shields
  4816 | D:5      | Reached skill level 1 in Evocations
  4880 | D:5      | Noticed Dowan
  4882 | D:5      | Killed Dowan
  5742 | D:6      | Reached skill level 8 in Long Blades
  5750 | D:6      | Found a staircase to the Ecumenical Temple.
  5803 | D:6      | Reached *** piety under Trog
  5803 | D:6      | Reached skill level 2 in Evocations
  5869 | D:6      | Found an ancient bone altar of Kikubaaqudgha.
  6451 | D:6      | Reached XP level 9. HP: 52/54 MP: 12/12
  6843 | D:6      | Found a sparkling altar of Nemelex Xobeh.
  7231 | D:6      | Found a runed translucent door.
  7232 | D:6      | Noticed Crazy Yiuf
  7325 | D:6      | Killed Crazy Yiuf
  7399 | D:7      | Reached skill level 3 in Evocations
  7902 | D:7      | Reached skill level 4 in Shields
  8046 | D:7      | Found a snail-covered altar of Cheibriados.
  8047 | D:7      | Found a basalt altar of Yredelemnul.
  8368 | D:7      | Reached skill level 9 in Long Blades
  8377 | D:7      | Reached skill level 6 in Fighting
  8727 | D:8      | Reached skill level 4 in Evocations
  8732 | D:8      | Reached **** piety under Trog
  8842 | D:8      | Found a flagged portal.
  8851 | Bailey   | Entered a bailey
  9494 | Bailey   | Reached skill level 5 in Evocations
  9535 | Bailey   | Identified a scroll of acquirement
  9786 | Bailey   | Noticed an orc warlord
  9793 | Bailey   | Reached XP level 10. HP: 61/61 MP: 15/15
  9793 | Bailey   | Reached skill level 10 in Long Blades
  9793 | Bailey   | Reached ***** piety under Trog
  9828 | Bailey   | Killed an orc warlord
  9828 | Bailey   | Reached skill level 7 in Fighting
  9828 | Bailey   | Reached skill level 6 in Evocations
 10150 | D:8      | Found Cexkeub's Magic Scroll Shop.
 10220 | D:8      | Bought a scroll of enchant weapon for 82 gold pieces
 10220 | D:8      | Bought a scroll of enchant weapon for 82 gold pieces
 10220 | D:8      | Bought a scroll of enchant weapon for 82 gold pieces
 10290 | D:8      | Noticed Maggie
 10327 | D:8      | Killed Maggie
 10327 | D:8      | Reached skill level 2 in Armour
 10712 | D:9      | Reached skill level 11 in Long Blades
 10954 | D:9      | Reached skill level 3 in Armour
 10959 | D:9      | Reached XP level 11. HP: 41/68 MP: 17/17
 11765 | D:9      | Found a staircase to the Orcish Mines.
 11932 | D:9      | Reached skill level 8 in Fighting
 12185 | D:9      | Found a staircase to the Lair.
 12476 | D:10     | Entered Level 10 of the Dungeon
 12650 | D:10     | Killed an unseen horror
 12821 | D:10     | Reached skill level 4 in Armour
 12925 | D:10     | Reached skill level 12 in Long Blades
 12973 | D:10     | Noticed a deep elf mage
 12979 | D:10     | Killed a deep elf mage
 13112 | D:10     | Noticed a four-headed hydra
 13120 | D:10     | Killed a four-headed hydra
 13283 | D:10     | HP: 1/69 [killer bee (4)]
 13283 | D:10     | Slain by a killer bee

Illustrated notes

Levels and vault maps discovered:
D:1:      enne_arrival_octagon_isle, layout_basic, serial_bayou_pond_e
D:2:      layout_basic
D:3:      layout_rooms, first_ration, kennysheep_generic_room_10
D:4:      layout_cave_pools, chequers_serial_rivers_room_b
D:5:      layout_basic, serial_shops, shop_coins, minmay_starry_boxes,
          uniq_menkaure, uniq_edmund, uniq_duvessa, uniq_pikel
D:6:      layout_loops_ring, kennysheep_mini, old_standard_altar,
          minmay_temple_entry_hall, uniq_crazy_yiuf_cottage
D:7:      layout_loops_ring, chequers_temple_overflow_statue_of_worship,
          st_stairs_6
D:8:      layout_loops_cross, enter_bailey_8, serial_shops,
          nicolae_shop_waterfront, uniq_maggie
D:9:      layout_irregular_city, erik_lair_dragon, orc_0_dummy
D:10:     layout_basic, special_room [special_room_bee], blue_anna_alchemist
          [blue_anna_fruit_fields, blue_anna_fruit_fields], onia_ninara_cookie

Skill      XL: |  1  2  3  4  5  6  7  8  9 10 11 |
---------------+----------------------------------+-----
Long Blades    | 3 4 5 7 8 9 11 12 | 12.4
Fighting       | 3 4 5 6 7 8 |  8.6
Shields        | 2 3 4 |  4.0
Evocations     | 2 5 6 |  6.0
Armour         | 3 4 |  4.7
Dodging        | |  2.4

Action                   |  1- 3 |  4- 6 |  7- 9 | 10-12 || total
-------------------------+-------+-------+-------+-------++-------
Melee: Falchion          |   125 |   103 |       |       ||   228
       Long sword        |       |    31 |   658 |       ||   689
       Scimitar          |       |       |       |   291 ||   291
Throw: Javelin           |       |       |     9 |     3 ||    12
Invok: Berserk           |     4 |     7 |    12 |     5 ||    28
       Trog's Hand       |     1 |     1 |     3 |     5 ||    10
       Brothers in Arms  |       |       |       |     3 ||     3
Evoke: Wand              |       |       |     5 |     7 ||    12
  Use: Scroll            |     5 |     4 |    12 |     7 ||    28
       Potion            |       |       |       |     3 ||     3
 Stab: Invisible         |       |       |       |     1 ||     1
  Eat: Chunk             |     4 |    12 |    27 |    15 ||    58
       Ration            |     1 |     1 |     1 |     1 ||     4
Armor: Animal skin       |    14 |       |       |       ||    14
       Plate armour      |    54 |    93 |   387 |     3 ||   537
       Chain mail        |       |       |       |   169 ||   169
Dodge: Dodged            |    84 |    44 |   166 |   114 ||   408
Block: Buckler           |       |     2 |   150 |    79 ||   231
       Rpst.: Falchion   |    20 |    10 |       |       ||    30
       Long sword        |       |       |    47 |       ||    47
       Scimitar          |       |       |     1 |    36 ||    37
